 Dungeon Crawl Stone Soup version 0.30.1-11-g7821555f0a (webtiles) character file.

Game seed: 10466430019506236097

43 Glitchless the Cudgeller (level 3, -2/22 HPs)
             Began as a Gargoyle Gladiator on Dec 5, 2023.
             Slain by a cerulean imp
             ... wielding a +2 spear
             ... summoned by Natasha
              (6 damage)
             ... on level 2 of the Dungeon.
             The game lasted 00:03:47 (1186 turns).

Glitchless the Cudgeller (Gargoyle Gladiator)       Turns: 1186, Time: 00:03:47

Health: -2/22      AC:  8    Str: 17    XL:     3   Next: 58%
Magic:  3/3        EV: 12    Int:  8    God:
Gold:   93         SH:  0    Dex: 13    Spells: 2/2 levels left

rFire   . . .        a - +0 flail
rCold   . . .        (no shield)
rNeg    + . .        b - +0 leather armour
rPois   ∞            c - +0 helmet
rElec   +            k - +0 cloak
rCorr   .            (no gloves)
SInv    .            (no boots)
Will    .....        (no amulet)
Stlth   +            (no ring)
HPRegen 0.23/turn    (no ring)
MPRegen 0.08/turn

%: no passive effects
@: no status effects
A: sickness immunity, AC +3, negative energy resistance 1, electricity
resistance, torment resistance 1, petrification resistance
a: no special abilities


You were on level 2 of the Dungeon.
You visited 1 branch of the dungeon, and saw 2 of its levels.

You collected 93 gold pieces.

Inventory:

Hand Weapons
 a - a +0 flail (weapon)
Missiles
 d - 2 throwing nets (quivered)
 e - a javelin
 m - 3 poisoned darts
Armour
 b - a +0 leather armour (worn)
 c - a +0 helmet (worn)
 k - a +0 cloak (worn)
Scrolls
 g - a scroll of blinking {unknown}
 h - 2 scrolls of identify {unknown}
 l - a scroll of fear {unknown}
Potions
 f - a potion of haste {unknown}
 i - 2 potions of resistance {unknown}
 j - 2 potions of mutation {unknown}


   Skills:
 * Level 2.5 Fighting
 * Level 3.7 Maces & Flails
 * Level 2.0 Throwing
 * Level 0.5 Armour
 * Level 2.7 Dodging


You had 2 spell levels left.
You didn't know any spells.
Your spell library was empty.

Dungeon Overview and Level Annotations

Branches:
Dungeon (2/15)

Altars:

Annotations:
D:2 Natasha


Innate Abilities, Weirdness & Mutations

You are immune to sickness and miasma.
Your stone body is resilient. (AC +3)
You are immune to poison.
You resist negative energy. (rN+)
You are resistant to electric shocks. (rElec)
You are resistant to unholy torment.
You are immune to petrification.


Message History

Natasha claws you. The dart slug launches a dart at you.
The slug dart hits you but does no damage.
You hit Natasha.
Natasha is lightly wounded.
Natasha casts a spell.
The dart slug briefly extends its eye-stalks.
You hit Natasha.
Natasha is moderately wounded.
Natasha closely misses you.
The cerulean imp hits you but does no damage.
The dart slug launches a dart at you. The slug dart misses you.
Natasha completely misses you.
You hit Natasha.
Natasha is severely wounded.
The cerulean imp barely misses you. Natasha closely misses you.
The dart slug launches a dart at you.
The slug dart hits you but does no damage.
You hit Natasha.
Natasha is severely wounded.
The cerulean imp hits you from afar with a +2 spear.
Natasha claws you.
You closely miss Natasha.
Natasha is severely wounded.
The cerulean imp closely misses you.
The dart slug bites you but does no damage.
Natasha barely misses you. The cerulean imp closely misses you.
Natasha claws you!
* * * LOW HITPOINT WARNING * * *
Natasha casts a spell.
You closely miss Natasha.
Natasha is severely wounded.
The cerulean imp hits you but does no damage.
Natasha casts a spell at you. You resist with significant effort.
You miss Natasha.
Natasha is severely wounded.
The cerulean imp hits you from afar with a +2 spear.
You die...

.........## #......>.#
..........## #.......#
...........# #.......#
...........# #.......#
......!....# #.......#
...........# #.......##
.........w.# ##...<....# ###
........55####.###.###.###.#
..........h@#...............
###..###.###..##.###.###.##.
#.. #.# ##.#...........#. #.
#.. #...##.###.##... <. ##.
##.#.#.......#.#. .# .
...#...##.##...#. ...
.#.#.#.#...#.#.#. ....
#...#...#...#... .....
##.#.#.#...#.#.#.


You could see Natasha and 2 cerulean imps.

Vanquished Creatures
  3 dart slugs (D:1)
  3 ball pythons (D:1)
  6 endoplasms (D:1)
  A giant cockroach (D:1)
  5 hobgoblins
  4 kobolds (D:1)
  2 quokkas (D:1)
  3 bats (D:1)
  2 frilled lizards (D:1)
  4 rats
33 creatures vanquished.

Notes
Turn   | Place    | Note
-------+----------+-------------------------------------------
     0 | D:1      | Glitchless the Gargoyle Gladiator began the quest for the
                  | Orb.
     0 | D:1      | Reached XP level 1. HP: 12/12 MP: 1/1
   155 | D:1      | Reached XP level 2. HP: 17/17 MP: 2/2
   395 | D:1      | Reached XP level 3. HP: 13/22 MP: 3/3
  1170 | D:2      | Noticed Natasha
  1186 | D:2      | Slain by a cerulean imp

Illustrated notes

Levels and vault maps discovered:
D:1:      ncdulo_smallfort, layout_loops_ring, grunt_decor_cap,
          serial_bayou_lagoon_b
D:2:      layout_rooms, ebering_ecumenical_altar_hall,
          nicolae_concentric_dashed_squares_mild, uniq_natasha

Skill      XL: |  1  2  3 |
---------------+----------+-----
Throwing       | 2 |  2.0
Fighting       | |  2.5
Maces & Flails | |  3.7
Armour         | |  0.5
Dodging        | |  2.7

Action                     || total
---------------------------++-------
  Melee: Flail             ||   134
  Throw: Throwing net      ||     1
   Stab: Sleeping          ||     1
 Armour: Leather armour    ||    51
  Dodge: Dodged            ||    86
